 Dungeon Crawl Stone Soup version 0.29-a0-520-gc852659d43 (webtiles) character file.

Game seed: 8937320208051630030

58 DocClef the Covert (level 4, -8/41 HPs)
             Began as a Gnoll Delver on May 31, 2022.
             Mangled by an ice beast (14 damage)
             ... on level 5 of the Dungeon.
             The game lasted 00:00:09 (85 turns).

DocClef the Covert (Gnoll Delver)                     Turns: 85, Time: 00:00:10

Health: -8/41      AC:  3    Str: 14    XL:     4   Next: 1%
Magic:  5/5        EV: 13    Int:  9    God:
Gold:   17         SH:  0    Dex: 13    Spells: 5/5 levels left

rFire   . . .      SeeInvis .   a - +0 short sword
rCold   . . .      Faith    .   (no shield)
rNeg    . . .      Spirit   .   b - +0 leather armour
rPois   .          Reflect  .   (no helmet)
rElec   .          Harm     .   (no cloak)
rCorr   .          Rampage  .   (no gloves)
Will    .....                   (no boots)
Stlth   ++++......              (no amulet)
HPRegen 0.13/turn               (no ring)
MPRegen 0.09/turn               (no ring)

@: no status effects
A: fangs 1, strong nose, distributed training
a: no special abilities


You were on level 5 of the Dungeon.
You visited 1 branch of the dungeon, and saw 1 of its levels.

You collected 17 gold pieces.

Inventory:

Hand Weapons
 a - a +0 short sword (weapon)
Armour
 b - a +0 leather armour (worn)
Wands
 g - a wand of digging (3)
Scrolls
 c - a scroll of fog
 d - a scroll of magic mapping
 e - a scroll of fear
Potions
 f - a potion of haste


   Skills:
 + Level 6.5 Fighting
 + Level 4.6 Short Blades
 + Level 1.0 Long Blades
 + Level 1.0 Axes
 + Level 1.0 Maces & Flails
 + Level 1.0 Polearms
 + Level 1.0 Staves
 + Level 1.0 Slings
 + Level 1.0 Bows
 + Level 1.0 Crossbows
 + Level 1.0 Throwing
 + Level 1.0 Armour
 + Level 4.6 Dodging
 + Level 9.6 Stealth
 + Level 1.0 Shields
 + Level 1.0 Unarmed Combat
 + Level 1.0 Spellcasting
 + Level 0.7 Conjurations
 + Level 0.7 Hexes
 + Level 0.7 Summonings
 + Level 0.7 Necromancy
 + Level 0.7 Translocations
 + Level 0.7 Transmutations
 + Level 0.7 Fire Magic
 + Level 0.7 Ice Magic
 + Level 0.7 Air Magic
 + Level 0.7 Earth Magic
 + Level 0.7 Poison Magic
 + Level 1.1 Invocations
 + Level 1.0 Evocations


You had 5 spell levels left.
You didn't know any spells.
Your spell library was empty.

Dungeon Overview and Level Annotations

Branches:
Dungeon (5/15)
 Temple: D:4-7

Altars:


Innate Abilities, Weirdness & Mutations

You have very sharp teeth.
Your uncanny sense of smell can sniff out nearby items.
Your experience applies equally to all skills.


Message History

An ice beast is nearby!
An ice beast is nearby!
Found a ring mail.
You see here 18 gold pieces.
You hit the ice beast but do no damage. The ice beast hits you.
The ice beast freezes you!
You hit the ice beast.
The ice beast is lightly wounded.
The ice beast closely misses you.
You barely miss the ice beast.
The ice beast is lightly wounded.
The ice beast hits you. The ice beast freezes you!
You barely miss the ice beast.
You bite the ice beast, but do no damage.
The ice beast is lightly wounded.
The ice beast hits you. The ice beast freezes you!
* * * LOW HITPOINT WARNING * * *
You are too injured to fight recklessly!
You are too injured to fight recklessly!
You are too injured to fight recklessly!
You are too injured to fight recklessly!
You are too injured to fight recklessly!
You are too injured to fight recklessly!
You are too injured to fight recklessly!
You are too injured to fight recklessly!
You are too injured to fight recklessly!
You are too injured to fight recklessly!
You are too injured to fight recklessly!
You are too injured to fight recklessly!
You are too injured to fight recklessly!
You are too injured to fight recklessly!
You are too injured to fight recklessly!
You are too injured to fight recklessly!
You are too injured to fight recklessly!
You hit the ice beast.
The ice beast is lightly wounded.
The ice beast hits you.
* * * LOW HITPOINT WARNING * * *
The ice beast freezes you!
You die...

##.#..$.######.##....
#....#.........###.##
#.......####.......#
##......## #......##
#####.†>....#####......#
......!..........#.....>#
...####..$.......########
. ...............#
.####...@.......
#...Y......# #..........#
#..........# #......[...#
############


You could see an ice beast.

Vanquished Creatures
  A scorpion (D:5)
1 creature vanquished.

Notes
Turn   | Place    | Note
-------+----------+-------------------------------------------
     0 | D:5      | Reached skill level 9 in Stealth
     0 | D:5      | DocClef the Gnoll Delver began the quest for the Orb.
     0 | D:5      | Reached XP level 1. HP: 23/23 MP: 1/1
    23 | D:5      | Noticed a scorpion
    30 | D:5      | Killed a scorpion
    31 | D:5      | Reached skill level 1 in Long Blades
    31 | D:5      | Reached skill level 1 in Axes
    31 | D:5      | Reached skill level 1 in Maces & Flails
    31 | D:5      | Reached skill level 1 in Polearms
    31 | D:5      | Reached skill level 1 in Staves
    31 | D:5      | Reached skill level 1 in Slings
    31 | D:5      | Reached skill level 1 in Bows
    31 | D:5      | Reached skill level 1 in Crossbows
    31 | D:5      | Reached skill level 1 in Throwing
    31 | D:5      | Reached skill level 1 in Armour
    31 | D:5      | Reached skill level 1 in Shields
    31 | D:5      | Reached skill level 1 in Unarmed Combat
    31 | D:5      | Reached skill level 1 in Spellcasting
    31 | D:5      | Reached skill level 1 in Invocations
    31 | D:5      | Reached skill level 1 in Evocations
    31 | D:5      | Reached XP level 2. HP: 29/29 MP: 1/3
    31 | D:5      | Reached XP level 3. HP: 35/35 MP: 1/4
    31 | D:5      | Reached XP level 4. HP: 41/41 MP: 1/5
    76 | D:5      | Noticed an ice beast
    85 | D:5      | Mangled by an ice beast

Illustrated notes

Levels and vault maps discovered:
D:5:      layout_rooms, serial_shops, shop, minmay_between,
          uniq_crazy_yiuf_cottage, uniq_sigmund

Skill      XL: |  1 |
---------------+----+-----
Stealth        | |  9.6
Long Blades    | 1 |  1.0
Axes           | 1 |  1.0
Maces & Flails | 1 |  1.0
Polearms       | 1 |  1.0
Staves         | 1 |  1.0
Slings         | 1 |  1.0
Bows           | 1 |  1.0
Crossbows      | 1 |  1.0
Throwing       | 1 |  1.0
Armour         | 1 |  1.0
Shields        | 1 |  1.0
Unarmed Combat | 1 |  1.0
Spellcasting   | 1 |  1.0
Invocations    | 1 |  1.1
Evocations     | 1 |  1.0
Fighting       | |  6.5
Short Blades   | |  4.6
Dodging        | |  4.6
Conjurations   | |  0.7
Hexes          | |  0.7
Summonings     | |  0.7
Necromancy     | |  0.7
Translocations | |  0.7
Transmutations | |  0.7
Fire Magic     | |  0.7
Ice Magic      | |  0.7
Air Magic      | |  0.7
Earth Magic    | |  0.7
Poison Magic   | |  0.7

Action                   |  1- 3 |  4- 6 || total
-------------------------+-------+-------++-------
Melee: Short sword       |     1 |     5 ||     6
       Bite              |       |     1 ||     1
 Stab: Sleeping          |     1 |       ||     1
Dodge: Dodged            |       |     1 ||     1

Table legend: (Time is in decaauts)
 A = Elapsed time spent in this place.
 B = Non-inter-level travel time spent in this place.
 C = Inter-level travel time spent in this place.
 D = Time resting spent in this place.
 E = Time spent auto-exploring this place.
 F = Levels seen in this place.
 G = Mean time per level.
                   A        B        C        D        E       F      G
               +--------+--------+--------+--------+--------+-----+--------+
         Total |     84 |     84 |      0 |      0 |     67 |   1 |   84.0 |
       Dungeon |     84 |     84 |      0 |      0 |     67 |   1 |   84.0 |
               +--------+--------+--------+--------+--------+-----+--------+

Top non-repeatable levels by time:
     D:5: 84 daAuts
